Cogmind - Beta 17.1 @@@ ROGUE MODE // 2026.09.09 @ 15:35:47 Player: SPACEGOAT Result: Destroyed by as-84528 with Assembled Heavy Rifle Performance ------------- Evolutions (0) 0 Regions Visited (2) 400 Robots Destroyed (15) 75 Value Destroyed (255) 255 Prototype IDs (0) 0 Alien Tech Used (0) 0 Bonus (0) 0 TOTAL SCORE: 730 Bonus ------- None Cogmind --------- Core Integrity 0/250 Matter 241/300 Energy 99/100 System Corruption 4% Temperature Cool (0) Movement Walking (120) Location -10/Mines Parts ------- > --- POWER (1) -------- (None) > --- PROPULSION (2) --- Aluminum Leg > --- UTILITY (2) ------ Seismic Detector > --- WEAPON (2) ------- (None) > --- INVENTORY (5) ---- Structural Scanner Signal Interpreter Improved Terrain Scanner Seismic Detector Peak State ------------ > --- POWER ------------ Light Nuclear Core > --- PROPULSION ------- Aluminum Leg Aluminum Leg > --- UTILITY ---------- Improved Terrain Scanner Seismic Detector > --- WEAPON ----------- EM Pulse Gun Light Assault Rifle > --- INVENTORY -------- Structural Scanner Signal Interpreter Improved Terrain Scanner Seismic Detector Medium Laser [Rating: 11] Favorites ----------- Power Light Nuclear Core Engine Ion Engine Power Core Light Nuclear Core Propulsion Aluminum Leg Leg Aluminum Leg Utility Seismic Detector Device Seismic Detector Weapon EM Pulse Gun Energy Gun EM Pulse Gun Energy Cannon Beam Cannon Ballistic Gun Light Assault Rifle Launcher Grenade Launcher Build | -11 -10 -10 ------- Run | Yrd Mat Min Slots Evolved . | . . . Power . | . . . Propulsion . | . . . Utility . | . . . Weapon . | . . . Parts Attached 13 | 7 6 . Power 2 | 1 1 . Engine 1 | 1 . . Core 1 | . 1 . Reactor . | . . . Propulsion 5 | 2 3 . Treads . | . . . Leg 5 | 2 3 . Wheel . | . . . Hover . | . . . Flight . | . . . Utility 2 | 2 . . Device 2 | 2 . . Storage . | . . . Processor . | . . . Hackware . | . . . Protection . | . . . Artifact . | . . . Weapon 4 | 2 2 . Energy Gun 1 | 1 . . Energy Cannon 1 | . 1 . Ballistic Gun 1 | 1 . . Ballistic Cannon . | . . . Launcher 1 | . 1 . Special Weapon . | . . . Impact Weapon . | . . . Slashing Weapon . | . . . Piercing Weapon . | . . . Special Melee Weapon . | . . . Unidentified Prototypes . | . . . Parts Lost 6 | . . 6 Power 1 | . . 1 Propulsion 1 | . . 1 Utility 1 | . . 1 Weapon 3 | . . 3 Highest Loss Streak 6 | . . 6 To Critical Strikes . | . . . Average Backups 4 | 1 4 4 Power . | . . . Propulsion . | . . . Utility 3 | . 3 4 Weapon 1 | 1 1 . Tool/Special . | . . . Unused Backups 6 | . 2 4 Power . | . . . Propulsion . | . . . Utility 4 | . . 4 Weapon 2 | . 2 . Tool/Special . | . . . Average Slot Usage (%) 98 | . 99 80 Engine 1 | . 1 . Core 12 | . 12 9 Leg 27 | . 27 25 Device 27 | . 28 21 Energy Gun 10 | . 11 2 Energy Cannon 6 | . 6 11 Ballistic Gun 7 | . 7 . Launcher 2 | . 2 9 Peak Build Rating 11 | 9 11 11 Average Rating 10 | 5 10 6 On Entrance 6 | . 9 11 Avg Prop Armor Cover (%) . | . . . Naked Turns . | . . . Heaviest Build 13 | 10 13 13 Greatest Support 20 | 20 20 20 Greatest Overweight (x) 1 | 1 1 . Average Overweight (x) . | . . . Largest Inventory Capacity 5 | 5 5 5 Average Capacity 5 | 5 5 5 Most Carried 5 | 5 5 5 Average Carried 4 | 1 4 4 Final Capacity 5 | 5 5 5 Final Carried 5 | 3 5 4 Class Distribution -------------------- 81% | Mutant 18% | Scavenger-Mutant Dominant Class ---------------- Mutant | -10/Materials Scavenger-Mutant | -10/Mines Resources | -11 -10 -10 ----------- Run | Yrd Mat Min Matter Collected 427 | 281 146 . Remotely . | . . . Salvage Created 505 | 134 318 53 Parts 40 | 14 26 . Haulers Intercepted 1 | . 1 . Recyclers Shooed 1 | 1 . . Parts Field Recycled . | . . . Retrieved Matter . | . . . Parts Self-Destructed . | . . . Prevented . | . . . Parts Restored . | . . . Kills | -11 -10 -10 ------- Run | Yrd Mat Min Combat Hostiles Destroyed 26 | . 8 18 Guns 3 | . 3 . Cannons 5 | . 4 1 AOE 18 | . 1 17 Classes Destroyed 6 | 1 4 1 Builder 1 | . 1 . Tunneler 5 | 5 . . Hauler 1 | . 1 . Swarmer 3 | . 3 . Grunt 5 | . 5 . Assembled 18 | . . 18 Best Kill Streak 18 | 5 4 18 Combat Bots Only 18 | . 4 18 Max Kills in Single Turn 6 | 1 2 6 Gunslinging . | . . . Exploded 6 | . 1 6 Melee . | . . . Uniques/NPCs Destroyed . | . . . Combat | -11 -10 -10 -------- Run | Yrd Mat Min Hostile Shots Fired 56 | . 26 30 Missed 10 | . 4 6 Hits 46 | . 22 24 Melee 5 | . . 5 Projectile 41 | . 22 19 Critical Strikes 2 | . . 2 Part Disruptions 1 | . . 1 Damage Taken 763 | . 246 517 Core 263 | . 87 176 Absorbed by Shields . | . . . Regen/Repaired (Parts) 39 | . 39 . Core Remaining (%) 100 | 100 . . Volleys Fired 48 | 11 28 9 Largest 2 | 2 2 1 Hottest 100 | 60 100 60 Shots Fired 74 | 22 43 9 Gun 51 | 22 29 . Cannon 13 | . 11 2 Launcher 10 | . 3 7 Special . | . . . Kinetic 24 | 11 13 . Thermal 13 | . 11 2 Explosive 10 | . 3 7 Electromagnetic 27 | 11 16 . Robot Hit Streak 10 | 8 10 2 Robot Miss Streak 5 | 1 5 2 Penetration Max . | . . . Secondary Targets . | . . . Shots Hit Robots 40 | 13 25 2 Core Hits 62 | 6 15 41 Critical Kills 1 | . 1 . Critical Parts Destroyed . | . . . Critical Strikes 1 | . 1 . Destroy 1 | . 1 . Melee Attacks . | . . . Impact . | . . . Slashing . | . . . Piercing . | . . . Sneak Attacks . | . . . Combat Hostiles . | . . . Follow-up Attacks . | . . . Damage Inflicted 1649 | 133 355 1161 Guns 273 | 133 140 . Cannons 140 | . 122 18 Explosions 1226 | . 93 1133 Melee . | . . . Ramming 10 | . . 10 Kinetic 115 | 54 61 . Thermal 140 | . 122 18 Explosive 1226 | . 93 1133 Electromagnetic 158 | 79 79 . Impact . | . . . Slashing . | . . . Piercing . | . . . Highest Corruption 4 | . . 4 Average Corruption 4 | . . 4 Corruption Purged . | . . . Corruption Blocked . | . . . Overload Shots . | . . . Overflow Damage 22 | . . 22 Projectiles . | . . . Explosions 22 | . . 22 Melee . | . . . Knockbacks . | . . . Impact . | . . . Kinetic . | . . . Secondary . | . . . Self-Inflicted Damage 102 | . . 102 Shots 3 | . . 3 Rammed . | . . . Targets Rammed 7 | . . 7 Kicked 7 | . . 7 Crushed . | . . . Highest Temperature 174 | 40 174 80 Average Temperature 43 | 21 50 50 Received Heat Transfer 257 | . 117 140 Siege Activations . | . . . Martial Activations . | . . . Shielding Activations . | . . . Robots Disrupted . | . . . Combat Hostiles . | . . . Robots Corrupted . | . . . Combat Hostiles . | . . . Parts Fried . | . . . Impact Corruptions . | . . . Robots Melted . | . . . Combat Hostiles . | . . . Parts Melted . | . . . Heat Transferred 296 | . 259 37 Parts Sabotaged . | . . . Parts Stolen . | . . . Parts Stripped . | . . . Power Chain Reactions . | . . . Alert | -11 -10 -10 ------- Run | Yrd Mat Min Maximum Alert Level . | . . . Low Security (%) 100 | 100 100 100 Level 1 . | . . . Level 2 . | . . . Level 3 . | . . . Level 4 . | . . . Level 5 . | . . . High Security . | . . . Max Security . | . . . Peak Influence 119 | 10 119 39 Initial 39 | . . 39 Average 20 | 2 22 26 Influence Increases 311 | 25 257 29 Destroy 0b10 Robot/C 160 | . 160 . Destroy 0b10 Robot/NC 35 | 25 10 . Destroy Leader 42 | . 42 . Successful Hack 11 | . 11 . Destroy Structure 48 | . 19 29 Lose Combat Pursuer 15 | . 15 . Influence Decreases 311 | 25 156 130 Entered New Map 62 | . . 62 Time Decay 199 | 25 156 18 Lost Part 50 | . . 50 Squads Dispatched 2 | . 2 . Investigation 1 | . 1 . Extermination . | . . . Reinforcement 1 | . 1 . Assault . | . . . Garrison . | . . . Intercept . | . . . Searches Triggered . | . . . Construction Impeded . | . . . Haulers Reinforced . | . . . Active Scanning Responses . | . . . Cargo Convoy Interrupts . | . . . Stealth | -11 -10 -10 --------- Run | Yrd Mat Min Distress Signals . | . . . Communications Jammed . | . . . Distress Signals . | . . . Times Spotted 36 | . 16 20 Peak Tracking Total 20 | . 4 20 Tactical Retreats 1 | . 1 . Traps | -11 -10 -10 ------- Run | Yrd Mat Min Traps Triggered 4 | . 4 . Indirectly . | . . . Trap Hack Attempts . | . . . Triggered . | . . . Disarmed . | . . . Reprogrammed . | . . . Reused . | . . . Traps Extracted . | . . . Installed . | . . . Triggered . | . . . Machines | -11 -10 -10 ---------- Run | Yrd Mat Min Machines Disabled . | . . . Max in Single Turn . | . . . Machines Repaired . | . . . Machines Dismantled . | . . . Machines Sabotaged . | . . . Overloaded Fab Kills . | . . . Hacking | -11 -10 -10 --------- Run | Yrd Mat Min Machines Accessed 9 | . 9 . Terminals 6 | . 6 . Fabricators . | . . . Repair Stations 1 | . 1 . Recycling Units 2 | . 2 . Scanalyzers . | . . . Garrison Access . | . . . Total Hacks 17 | . 17 . Successful 12 | . 12 . Failed 5 | . 5 . Catastrophic . | . . . Database Lockouts . | . . . Manual 6 | . 6 . Terminals 9 | . 9 . Fabricators . | . . . Repair Stations 2 | . 2 . Recycling Units 6 | . 6 . Scanalyzers . | . . . Garrison Access . | . . . Terminal Hacks 7 | . 7 . Investigation Status 1 | . 1 . Zone Layout 6 | . 6 . Fabricator Hacks . | . . . Repair Station Hacks 2 | . 2 . Scan Component 1 | . 1 . Repair 1 | . 1 . Recycling Unit Hacks 3 | . 3 . Report Inventory 2 | . 2 . Retrieve Components 1 | . 1 . Scanalyzer . | . . . Garrison Access Hacks . | . . . Unauthorized Hacks . | . . . Terminals . | . . . Fabricators . | . . . Repair Stations . | . . . Recycling Units . | . . . Scanalyzers . | . . . Garrison Access . | . . . Data Cores Recovered . | . . . Used . | . . . Hacking Detections 3 | . 3 . Full Trace Events . | . . . Feedback Events . | . . . Feedback Blocked . | . . . Robot Schematics Acquired . | . . . Robots Built . | . . . Authchips . | . . . Time . | . . . Total Robot Build Rating . | . . . Part Schematics Acquired . | . . . Parts Built . | . . . Authchips . | . . . Time . | . . . Total Part Build Rating . | . . . Part Studies Acquired . | . . . Parts Repaired 1 | . 1 . Time 26 | . 26 . Parts Recycled . | . . . Recycled Matter . | . . . Retrieved Matter . | . . . Retrieved Components 2 | . 2 . Parts Scanalyzed . | . . . Part Schematics Acquired . | . . . Parts Damaged . | . . . Bothacking | -11 -10 -10 ------------ Run | Yrd Mat Min Used RIF Installer . | . . . Robots Hacked . | . . . Non-combat . | . . . Combat . | . . . Robot Hacks Applied . | . . . Relay Couplers Released . | . . . Fabnet Peak Effective % . | . . . Robots Rewired . | . . . Allies Hacked . | . . . Hacks Repelled . | . . . Allies | -11 -10 -10 -------- Run | Yrd Mat Min Total Allies . | . . . Largest Group . | . . . Highest-Rated Group . | . . . Highest-Rated Ally . | . . . Total Orders . | . . . Ally Attacks . | . . . Total Damage . | . . . Kills . | . . . Allies Corrupted . | . . . Allies Melted . | . . . Intel | -11 -10 -10 ------- Run | Yrd Mat Min Active Infowar (turns) 1172 | 47 1078 47 Terrain 1142 | 47 1078 17 Seismic 1153 | 28 1078 47 Robot Analysis Total . | . . . Derelict Logs Recovered . | . . . Drone Launches . | . . . Drone Recoveries . | . . . Exploration | -11 -10 -10 ------------- Run | Yrd Mat Min Turns Passed 1244 | 119 1078 47 Spaces Moved 634 | 63 556 15 Core 14 | 13 . 1 Treads . | . . . Legs 620 | 50 556 14 Wheels . | . . . Hover . | . . . Flight . | . . . Fastest Speed 50 | 50 120 50 Average Speed 119 | 114 120 115 Slowest Speed 190 | 120 190 120 Overloaded Moves . | . . . Propulsion Burnouts . | . . . Robots Hopped . | . . . Potential Cave-ins . | . . . Cave-ins Triggered . | . . . Exploration Rate (%) 33 | 4 84 11 Regions Visited 2 Branch Regions 1 Pre-discovered Areas . | . . . Known Exits Taken . | . . . Unknown Exits Taken 2 | 1 1 . Scrap Searched . | . . . Spaces Dug . | . . . Terrain Destroyed 62 | . 22 40 Melee . | . . . Projectile . | . . . AOE 62 | . 22 40 Terrain Rammed . | . . . Walls Destroyed . | . . . Machines Disabled . | . . . Actions | -11 -10 -10 --------- Run | Yrd Mat Min Total 1047 | 90 923 34 Wait 317 | . 317 . Move 632 | 62 555 15 Hop . | . . . Pick Up 15 | 10 4 1 Fast Attach 11 | . 11 . Attach 9 | 7 . 2 Detach . | . . . Swap 1 | . 1 . Drop 7 | . 7 . Fire 48 | 11 28 9 Melee . | . . . Ram . | . . . Kick 7 | . . 7 Crush . | . . . Escape Stasis . | . . . Rewire . | . . . Trap . | . . . Miscellaneous . | . . . Route ------- -11/Scrapyard -10/Materials (discovered 4 exits: [*Mat x3] / [*Min]) -10/Mines History --------- Turn | Location | Event 12 | -11/Scrapyard | Discovered new exit (range 14) 120 | -11/Scrapyard | Entered Materials 247 | -10/Materials | Discovered new exit (range 13) 316 | -10/Materials | Build established: Mutant 342 | -10/Materials | Repaired Aluminum Leg 559 | -10/Materials | Discovered new exit (range 12) 1033 | -10/Materials | Discovered new exit (range 10) 1117 | -10/Materials | Discovered new exit (range 16) 1198 | -10/Materials | Entered Mines 1202 | -10/Mines | Assembled infested the area 1226 | -10/Mines | Core integrity fell below 50% 1241 | -10/Mines | Core integrity fell below 20% 1245 | -10/Mines | Destroyed by as-84528 with Assembled Heavy Rifle Last Messages --------------- as-40101 destroyed. K-01 Serf destroyed. as-21876 destroyed. Grenade Launcher destroyed. K-01 Serf collects debris. EM Pulse Gun destroyed. Critical hit (Burn: +80). as-72428 destroyed. K-01 Serf collects debris. Beam Cannon destroyed. Acquired Aluminum Leg. K-01 Serf collects debris. Kicked as-31974 out of the way. Kicked as-31974. K-01 Serf collects debris. Kicked as-31974. K-01 Serf collects debris. Kicked as-31974. Aluminum Leg destroyed. Kicked as-31974. Map ----- +----------------------------------------------------+ | | | | | | | | | | | | | | | | | | | | | | | | | ??????????????????????????????????????? | | ????????????????#############?????????? | | ????????????????# #?????????? | | ????????????????# #?????????? | | ????????????????# #?????????? | | ????????????????# """ """ #?????????? | | ????????????????# """ """ #?????????? | | ????????????????# """ """ #?????????? | | ?????????#??????# #?????????? | | ????????????????######## ####?????????? | | ????????????????????#### ###??????????? | | ???????????#????????# #??????????? | | ????????????????????# #??????????? | | ????????????????????# k @a#??????????? | | ??????????????????# # % #???? ?????? | | ??????????????#???# %% #??????????? | | ???????????????? ????????? | | ?????????????? ?? ?????? | | ?????????????##### a #### ???????? | | ?????????????????# #???# ?????? | | ?????????????????# ##????# ???? | | ???????????????? ??????? ?? | | ??????????????? ???????? ##? | | ?????????????? % ????????? ??? | | ?????????????? < ?????????? ??? | | ??????????????? #???????? ?????? | | ??????????????# ####???????????????? | | ??????????????? ?????#???????????????? | | ??????????????????????????????????????? | | ??????????????????????????????????????? | | ??????????????????????????????????????? | | ??????????????????????????????????????? | | ??????????????????????????????????????? | | ??????????????????????????????????????? | | ??????????????????????????????????????? | | ??????????????????????????????????????? | | ??????????????????????????????????????? | | ??????????????????????????????????????? | +----------------------------------------------------+ Best States ------------- Heat Dissipation 25 Energy Generation 14 Energy Capacity 250 Matter Stores 300 Matter Capacity 300 Sight Range 16 Terrain Scan Range 16 Terrain Scan Density 10 Evasion (%) 55 Item Schematics ----------------- None Robot Schematics ------------------ None Fabricated ------------ Nothing Repaired ---------- Aluminum Leg | 56% | -10/Materials Studied --------- None Alien Tech Used ----------------- None Achievements -------------- Exterminator Quick And Dirty Challenges ------------ None Game ------ Seed IntegratedWarlordClaw Manual? 0 Play Time 00:16:03 Cumulative 39.4 hours Start 2026.09.09 @ 15:20:28 End 2026.09.09 @ 15:35:47 Sessions 1 Manual Loads 0 Difficulty Rogue Special Mode None Game No. 42 Rogue 42 Adventurer 0 Explorer 0 Win Type - Total 0 Types 0/0/0/0/0/0/0/0/0/0 Lore% 17 Gallery% 25 Achievement% 17 Wizard Run 0 Options --------- Layout 1 ASCII 0 Keyboard 0 Movement Mouse Keybinds 0 Fullscreen 1 Font 20/SmallcapsGlow Map View 50x35 Zoom Use 0% Tactical HUD 0 Map Filters NONE Filters NONE Steam 1 RUN: 6a070c93-c521-437b-9f9f-397c651d08e8